Map: 뉴 리퍼그넌시 - 래더

Players

InZaNe

  • Race: Terran Terran
  • League: Grandmaster
  • Spawn Location: 1:00

TSGSolar (Solar) - Winner!

  • Race: Zerg Zerg
  • Spawn Location: 7:00

Event: HomeStory Cup XIX

VOD

Have the link to the VOD?

Description

Time

  • Played on: June 27, 2019, 9:05 a.m.
  • Length: 14:54

All games in this series

Show
View Real Time Build Order
Export as new Build Order

InZaNe Terran 

Build Orders: Reaper Expand, Hellion Banshee 

Get SALT Encoding   

  12  0:00  SCV  
  13  0:12  SCV  
  14  0:17  Supply Depot  
  14  0:24  SCV  
  15  0:38  SCV  
  15  0:40  Barracks  
  16  0:44  Refinery  
  16  0:50  SCV  
  17  1:02  SCV  
  18  1:14  SCV  
  19  1:27  Orbital Command, Reaper  
  20  1:41  Command Center  
  20  1:54  SCV, Supply Depot  
  20  1:59  Marine  
  22  2:07  SCV  
  23  2:10  Factory  
  23  2:15  Refinery  
  23  2:19  SCV  
  23  2:22  Barracks Reactor  
  24  2:31  SCV  
  25  2:43  SCV  
  26  2:55  SCV  
  26  2:57  Orbital Command, Starport  
  27  3:03  Hellion x2  
  31  3:07  SCV  
  31  3:08  Barracks Tech Lab  
  32  3:19  SCV  
  33  3:24  Hellion  
  33  3:25  Hellion  
  33  3:26  SCV  
  38  3:31  SCV  
  39  3:35  Supply Depot  
  39  3:39  SCV  
  40  3:42  Banshee, Cloaking Field  
  40  3:43  SCV  
  44  3:49  Hellion  
  46  3:56  Supply Depot  
  46  3:57  Marine, SCV x2, Hellion  
  51  4:09  SCV x2  
  53  4:16  Command Center  
  53  4:19  Hellion  
  53  4:21  Hellion  
  57  4:25  SCV x2  
  57  4:27  Banshee  
  62  4:37  Supply Depot  
  62  4:38  Barracks Tech Lab  
  62  4:39  SCV x2  
  64  4:50  Engineering Bay x2  
  64  4:51  SCV x2  
  66  5:03  SCV x2  
  66  5:14  Stimpack, Marine  
  67  5:15  Barracks x2  
  67  5:19  Refinery, Terran Infantry Weapons Level 1  
  67  5:20  Refinery, Terran Infantry Armor Level 1  
  67  5:21  SCV, Starport Reactor  
  68  5:29  Orbital Command  
  68  5:30  SCV  
  69  5:35  SCV  
  69  5:36  Marine  
  69  5:42  SCV  
  72  5:48  SCV  
  76  5:50  Siege Tank  
  76  5:52  Supply Depot  
  76  5:53  Orbital Command  
  76  5:54  SCV  
  77  5:59  Marine  
  77  6:00  SCV  
  79  6:06  SCV  
  79  6:07  Barracks x2  
  79  6:08  Starport Reactor  
  80  6:12  SCV  
  80  6:13  Marine  
  80  6:14  Marine  
  80  6:17  Marine x2  
  85  6:18  SCV  
  85  6:20  Supply Depot x2  
  85  6:21  Marine  
  85  6:22  SCV  
  85  6:23  Supply Depot  
  85  6:24  SCV  
  89  6:29  Siege Tank  
  89  6:31  Marine x2, SCV  
  95  6:34  Marine, SCV  
  95  6:35  Marine  
  95  6:36  SCV  
  99  6:40  Supply Depot  
  99  6:43  SCV  
  99  6:46  Armory, SCV  
  101  6:47  Supply Depot  
  101  6:48  Supply Depot  
  101  6:50  Marine x2  
  101  6:53  SCV  
  104  6:55  SCV  
  104  6:58  SCV  
  104  6:59  Marine x2, Barracks Reactor  
  104  7:01  Barracks Reactor  
  108  7:05  SCV  
  108  7:07  SCV  
  110  7:09  Marine x2  
  110  7:10  SCV  
  110  7:13  Siege Tank, Marine  
  117  7:19  Marine x2  
  114  7:25  Medivac x2  
  114  7:27  Marine x2  
  115  7:30  Marine  
  115  7:31  Refinery, SCV  
  115  7:32  Refinery  
  115  7:35  Terran Infantry Weapons Level 2, Terran Infantry Armor Level 2  
  115  7:36  Marine  
  117  7:42  Marine x5  
  122  7:45  Marine x2  
  122  7:48  Marine  
  125  7:55  Medivac x2  
  129  8:02  Marine x6  
  129  8:03  Marine  
  136  8:08  Command Center  
  136  8:13  Marine, Supply Depot  
  136  8:14  Marine  
  136  8:18  Siege Tank  
  136  8:19  Marine  
  141  8:20  Marine  
  141  8:22  Refinery, SCV, Factory  
  141  8:23  Combat Shield  
  144  8:27  Marine x3  
  144  8:30  Marine x2  
  149  8:40  Marine x4  
  153  8:46  Marine  
  153  8:47  Medivac x2  
  157  8:52  Terran Vehicle Weapons Level 1, Supply Depot x3  
  154  8:57  Marine  
  154  8:59  SCV x3  
  154  9:00  Supply Depot  
  158  9:07  Marine x6  
  158  9:09  Factory Tech Lab  
  157  9:11  SCV x3  
  160  9:18  Marine  
  160  9:19  Marine  
  160  9:21  Marine  
  160  9:22  Medivac x2  
  162  9:24  Marine  
  162  9:25  Marine x3  
  162  9:30  Siege Tank  
  167  9:35  Barracks  
  167  9:38  Barracks, SCV x3  
  167  9:40  Barracks  
  167  9:43  Marine  
  167  9:44  Marine, Marauder  
  174  9:48  Siege Tank  
  175  9:52  Marine  
  175  9:53  Planetary Fortress  
  175  9:55  Marine x3  
  175  9:58  Marine x2  
  181  10:04  Siege Tank  
  184  10:08  Marauder  
  176  10:14  Marine x6  
  176  10:16  Marine  
  183  10:23  Terran Infantry Weapons Level 3, Terran Infantry Armor Level 3  
  183  10:30  SCV x4  
  183  10:32  Barracks Tech Lab, Sensor Tower  
  183  10:34  Barracks Tech Lab x2  
  187  10:47  Siege Tank, Marauder  
  187  10:48  Marine  
  187  10:49  Marine x6  
  193  10:52  Refinery  
  193  10:58  Marauder x2  
  193  10:59  Marauder  
  199  11:07  Command Center  
  199  11:14  Marauder  
  197  11:20  Marauder  
  195  11:29  Marauder  
  195  11:30  Marauder, Marine x8  
  184  11:35  Marine  
  172  11:41  Marine, SCV x4  
  172  11:43  Siege Tank x2  
  180  11:47  Medivac x2  
  180  11:51  Marauder x2  
  180  11:54  Marauder  
  190  11:59  Marauder  
  192  12:05  Orbital Command  
  192  12:11  Marine  
  192  12:12  Marauder  
  192  12:13  Marauder  
  192  12:15  Marine, Marauder  
  174  12:17  Medivac  
  174  12:20  Marauder  
  157  12:25  Marine  
  157  12:27  SCV x3  
  158  12:33  Marauder  
  158  12:34  Marauder  
  158  12:35  Marine x4  
  158  12:36  Marauder  
  160  12:39  SCV x4  
  160  12:42  Marauder  
  159  12:50  Siege Tank x2  
  159  12:51  SCV x4  
  170  12:53  Marine  
  172  13:06  Viking  
  172  13:10  Marine x2  
  172  13:11  Marine x7  
  172  13:12  Marauder x3  
  156  13:17  SCV x3  
  159  13:20  Refinery  
  159  13:21  Refinery, SCV  
  159  13:23  Refinery  
  159  13:25  Viking  
  162  13:28  Marine x3  
  162  13:29  SCV x3  
  162  13:34  SCV  
  169  13:38  Marine x3  
  169  13:40  Planetary Fortress  
  172  13:41  SCV x3  
  172  13:42  Marine x2  
  172  13:46  SCV  
  178  13:53  SCV  
  178  13:54  SCV  
  178  13:55  Marine x7  
  166  13:56  Marine x2  
  164  14:04  Marine  
  164  14:05  Viking, Marine x2  
  164  14:07  Viking  
  168  14:12  Marine  
  168  14:13  Marine x3  
  168  14:15  Marine  
  168  14:17  Marine x2  
  168  14:18  Marine x2  
  168  14:22  Marine  
  168  14:23  Marine x2  
  158  14:30  Marine x4  
  137  14:33  Marine  
  137  14:35  Marine  
  137  14:36  Marine  
Show
View Real Time Build Order
Export as new Build Order

TSGSolar Zerg - Winner!

Build Orders: Hatch First, Brood Lord Corruptor 

Get SALT Encoding   

  12  0:01  Drone  
  13  0:12  Overlord  
  13  0:17  Drone  
  14  0:30  Drone x2  
  16  0:49  Hatchery  
  15  0:51  Drone  
  15  0:54  Drone  
  17  0:58  Drone  
  18  1:09  Extractor  
  17  1:13  Spawning Pool  
  17  1:16  Drone  
  17  1:19  Drone  
  18  1:28  Drone  
  19  1:38  Drone  
  20  1:49  Overlord  
  20  2:00  Queen x2  
  24  2:01  Zergling x4  
  26  2:12  Metabolic Boost, Drone x2  
  28  2:30  Hatchery  
  28  2:32  Drone  
  28  2:34  Drone  
  29  2:42  Queen  
  30  2:45  Drone  
  30  2:49  Overlord  
  31  2:54  Drone  
  31  2:55  Drone  
  31  2:58  Drone  
  34  3:08  Drone x4  
  34  3:09  Drone  
  39  3:14  Drone  
  39  3:18  Queen  
  42  3:22  Overlord  
  42  3:24  Drone  
  43  3:34  Overlord  
  43  3:40  Drone  
  43  3:41  Drone  
  45  3:42  Zergling x6  
  45  3:43  Drone x2  
  45  3:45  Queen  
  45  3:48  Overlord  
  52  3:51  Drone  
  52  3:53  Drone  
  52  3:54  Drone  
  55  3:57  Zergling x4  
  55  4:01  Extractor  
  56  4:07  Baneling Nest  
  56  4:08  Queen  
  56  4:09  Overlord  
  58  4:14  Drone x3  
  61  4:17  Lair  
  61  4:19  Drone  
  61  4:22  Extractor  
  61  4:23  Extractor  
  60  4:25  Drone x3  
  60  4:27  Overlord  
  60  4:29  Drone  
  60  4:30  Drone  
  65  4:35  Spore Crawler  
  65  4:36  Drone x2  
  65  4:38  Spore Crawler  
  65  4:39  Drone  
  65  4:41  Drone  
  65  4:44  Spore Crawler  
  66  4:48  Drone x3  
  66  4:49  Drone  
  66  4:52  Drone x2  
  72  4:54  Drone  
  72  4:56  Zergling x4  
  74  5:05  Zergling x6  
  75  5:09  Overlord  
  75  5:10  Drone  
  75  5:14  Drone, Overseer  
  76  5:15  Drone x2  
  76  5:16  Drone  
  76  5:19  Drone x2  
  81  5:22  Centrifical Hooks  
  81  5:25  Evolution Chamber  
  81  5:26  Overlord  
  81  5:27  Drone, Evolution Chamber  
  81  5:28  Drone x2  
  81  5:29  Drone  
  81  5:32  Drone x2  
  81  5:34  Drone x2  
  87  5:37  Extractor x2  
  87  5:38  Drone  
  87  5:41  Overlord  
  86  5:44  Drone  
  87  5:51  Zerg Ground Armor Level 1  
  87  5:53  Zerg Melee Weapons Level 1  
  87  5:55  Drone  
  88  6:01  Hydralisk Den  
  88  6:03  Zergling x2  
  88  6:04  Zergling x10  
  93  6:05  Hatchery  
  93  6:07  Zergling x6  
  93  6:08  Zergling x2  
  95  6:15  Drone x2  
  95  6:17  Drone  
  96  6:19  Drone  
  96  6:21  Overlord  
  96  6:23  Zergling x10  
  96  6:24  Overlord  
  102  6:25  Baneling  
  102  6:26  Baneling x3  
  102  6:27  Baneling x2  
  102  6:29  Baneling x3  
  102  6:32  Drone, Grooved Spines  
  103  6:36  Overlord  
  103  6:38  Zergling x4  
  105  6:40  Zergling x2  
  105  6:41  Zergling x4  
  105  6:46  Overlord  
  108  6:49  Hydralisk  
  108  6:52  Baneling x2  
  108  6:53  Hydralisk  
  110  7:00  Zergling x4  
  114  7:03  Zergling x8  
  118  7:09  Hydralisk  
  118  7:12  Hydralisk x3  
  125  7:21  Drone x6  
  126  7:25  Drone x2  
  126  7:27  Overlord  
  121  7:32  Drone  
  121  7:33  Hydralisk x3  
  121  7:34  Queen  
  121  7:36  Spore Crawler  
  128  7:38  Zergling x2, Hatchery  
  128  7:39  Zergling x2  
  129  7:45  Zergling x14, Muscular Augments  
  129  7:47  Overlord  
  136  7:51  Baneling x2  
  136  7:54  Zerg Ground Armor Level 2, Zerg Melee Weapons Level 2  
  136  7:56  Drone  
  136  7:57  Extractor  
  136  7:58  Drone x2  
  138  7:59  Drone  
  138  8:05  Drone x3  
  142  8:06  Drone x2  
  144  8:15  Hydralisk x4  
  144  8:17  Overlord  
  152  8:20  Infestation Pit  
  152  8:26  Pneumatized Carapace  
  151  8:27  Zergling x2  
  151  8:28  Zergling x10  
  151  8:29  Zergling x2  
  151  8:31  Zergling x2  
  151  8:33  Overlord  
  151  8:34  Overlord  
  159  8:37  Zergling x4  
  161  8:42  Overlord  
  160  8:49  Overlord  
  160  8:55  Zergling x30  
  173  8:58  Hive  
  173  9:00  Zergling x6  
  175  9:06  Extractor, Spire  
  175  9:08  Hatchery  
  169  9:10  Drone x2  
  169  9:11  Drone  
  169  9:12  Zergling x6  
  175  9:19  Hydralisk, Drone x2  
  175  9:20  Hydralisk  
  175  9:23  Hydralisk x2  
  175  9:24  Hydralisk x2  
  182  9:28  Zergling x8  
  192  9:35  Hydralisk  
  192  9:36  Zergling x12  
  200  9:45  Baneling x14  
  200  9:51  Drone  
  200  9:52  Drone  
  200  9:58  Baneling x5  
  200  9:59  Baneling x12  
  200  10:12  Zergling x6  
  195  10:16  Drone  
  195  10:20  Adrenal Glands  
  195  10:21  Greater Spire, Viper  
  195  10:26  Spore Crawler  
  195  10:28  Zergling x4  
  199  10:29  Zerg Ground Armor Level 3  
  199  10:30  Zerg Missile Weapons Level 1  
  199  10:36  Hatchery, Extractor  
  199  10:38  Drone x2  
  199  10:49  Zergling x2  
  199  10:50  Zergling x4  
  199  10:51  Baneling x2  
  199  10:52  Baneling x2  
  199  10:55  Baneling x6  
  199  11:18  Zergling x6  
  200  11:19  Zergling x4  
  200  11:21  Zergling x4  
  192  11:28  Zergling x30  
  192  11:32  Zergling x2  
  188  11:33  Zergling x32  
  188  11:34  Zergling x2  
  192  11:40  Zergling x8  
  192  11:41  Zergling x8  
  192  11:43  Zerg Flyer Weapons Level 1  
  198  11:58  Baneling x2  
  199  12:01  Zergling x2  
  181  12:16  Corruptor  
  181  12:17  Corruptor x7  
  181  12:18  Zergling x18  
  181  12:19  Zergling x20  
  181  12:21  Baneling x3  
  181  12:22  Baneling x19  
  198  12:29  Zergling x2  
  192  12:30  Zergling x16  
  193  12:39  Baneling  
  193  12:40  Baneling x7  
  189  12:45  Zergling x18  
  189  12:46  Zergling x4  
  189  12:48  Baneling x3  
  194  13:10  Corruptor x2  
  194  13:12  Corruptor  
  176  13:14  Hatchery  
  176  13:18  Brood Lord x5  
  176  13:19  Corruptor x4  
  187  13:23  Zergling x8  
  199  13:43  Baneling x10  
  199  13:55  Zergling x30  
  199  14:02  Corruptor x5  
  196  14:04  Zergling x8  
  197  14:17  Zergling x6  
  197  14:23  Zergling x20  
  196  14:25  Zergling x2  
  196  14:26  Zergling x4  
  196  14:28  Brood Lord  
  196  14:29  Zergling x6  
  196  14:31  Zergling x6  
  191  14:34  Zergling x4  
Tags
 
Add a new tag
Caveats
  • Supply blocks, unpowered buildings, or Contaminate may cause inaccurate times.
  • Supply counts are checked every 10 seconds.